 Dungeon Crawl Stone Soup version 0.19.0-19-g8c6edcc (webtiles) character file.

13470 dobroeutro the Severer (level 11, -2/97 HPs)
             Began as a Minotaur Berserker on Nov 12, 2016.
             Was a High Priest of Trog.
             Killed from afar by a deep elf knight (8 damage)
             ... with a stone arrow
             ... on level 13 of the Dungeon.
             The game lasted 00:17:17 (9392 turns).

dobroeutro the Severer (Minotaur Berserker)         Turns: 9392, Time: 00:17:18

Health: -2/97      AC: 19    Str: 26    XL:     11   Next: 76%
Magic:  11/11      EV: 15    Int:  4    God:    Trog [*****.]
Gold:   1028       SH:  5    Dex: 10    Spells: 0 memorised, 10 levels left

rFire  . . .     SeeInvis +     y - +7 executioner's axe of Death's Door {flame, *Drain Str+3 SInv}
rCold  . . .     Gourm    .     e - +0 mottled dragon scales
rNeg   . . .     Faith    .     (shield currently unavailable)
rPois  .         Spirit   .     (helmet restricted)
rElec  .         Reflect  +     z - +1 cloak
rCorr  .         Harm     .     n - +2 pair of gloves
MR     ++...                    f - +0 pair of boots
Stlth  +.........               k - +5 amulet of reflection
                                K - +4 ring of protection
                                J - ring of protection from magic

@: about to teleport, marked
A: retaliatory headbutt, horns 2, clumsy 1, high mp 1, magic resistance 1,
MP-powered wands
a: Berserk, Trog's Hand, Brothers in Arms, Burn Spellbooks, Renounce Religion


You were on level 13 of the Dungeon.
You worshipped Trog.
Trog was extremely pleased with you.
You were not hungry.

You visited 1 branch of the dungeon, and saw 13 of its levels.

You collected 1028 gold pieces.

Inventory:

Hand Weapons
 s - a +2 hand axe of pain
 y - the +7 executioner's axe of Death's Door (weapon) {flame, *Drain Str+3 SInv}
   (Trog gifted it to you on level 11 of the Dungeon)

   It has been specially enchanted to burn those struck by it, causing extra
   injury to most foes and up to half again as much damage against particularly
   susceptible opponents.
   Big, fiery blades are also staple armaments of hydra-hunters.
   It affects your strength (+3).
   It lets you see invisible.
   It causes draining when unequipped.
 H - a +6 battleaxe of flaming
Armour
 e - +0 mottled dragon scales (worn)
 f - a +0 pair of boots (worn)
 n - a +2 pair of gloves (worn)
 z - a +1 cloak (worn)
 T - a +0 chain mail
Jewellery
 d - an uncursed ring of protection from cold
 k - a +5 amulet of reflection (around neck)
 l - an uncursed ring of resist corrosion
 J - a ring of protection from magic (left hand)
 K - a +4 ring of protection (right hand)
 N - an uncursed ring of protection from magic
 Q - a +2 ring of slaying
Wands
 p - a wand of flame (22/48)
 v - a wand of paralysis (23/24)
 C - a wand of disintegration (9/24)
 L - a wand of random effects (28/48)
 M - a wand of lightning (5/15)
 R - a wand of lightning (2/15)
 U - a wand of polymorph (9/24)
Scrolls
 b - 8 scrolls of remove curse
 g - 9 scrolls of identify
 h - a scroll of immolation
 i - 2 scrolls of amnesia
 m - 2 scrolls of recharging
 A - 2 scrolls of enchant armour
 D - 3 scrolls of blinking
 O - 2 scrolls of enchant weapon
Potions
 a - a potion of cure mutation
 j - 2 potions of curing
 q - 2 potions of degeneration
 t - a potion of brilliance
 u - a potion of agility
 w - a potion of lignification
 E - a potion of flight
 F - a potion of cancellation
 P - a potion of berserk rage {unknown}
 V - a potion of ambrosia {unknown}
Comestibles
 c - 12 bread rations
 o - 13 meat rations
 r - a chunk of flesh
 B - 16 fruits


   Skills:
 + Level 9.2 Fighting
 + Level 16.7 Axes
 + Level 8.9 Armour
 + Level 8.1 Dodging


You had 10 spell levels left.
You didn't know any spells.

Dungeon Overview and Level Annotations

Branches:
Dungeon (13/15)            Temple (0/1) D:6            Lair (0/6) D:8
    Orc (0/2) D:11
 Vaults: D:13-14

Altars:
Ashenzari
Gozag
Hepliaklqana
Makhleb
Nemelex Xobeh
Qazlal
Uskayaw
Vehumet
Yredelemnul
Zin
The Shining One

Shops:
D:4 *   D:7 =*[:*

Annotations:
D:13 1 exclusion


Innate Abilities, Weirdness & Mutations

You reflexively headbutt those who attack you in melee.
You have a pair of horns on your head.
You are clumsy. (Dex -2)
You have an increased reservoir of magic. (+10% MP)
You are resistant to hostile enchantments. (MR+)
You expend magic power (3 MP) to strengthen your wands.


Message History

Ouch! That really hurt!
* * * LOW HITPOINT WARNING * * *
Okay, then.
You feel much better.
The deep elf knight hits you but does no damage.
The vault guard barely misses you. You furiously retaliate!
You headbutt the vault guard, but do no damage.
The ogre mage gestures wildly while chanting.
The ogre mage blinks!
A hornet comes into view.
As you read the scroll of teleportation, it crumbles to dust.
You feel strangely unstable.
The deep elf knight hits you with a scimitar!!
* * * LOW HITPOINT WARNING * * *
You block the vault guard's attack.
A vault guard comes into view. It is wielding a great mace.
Unknown command.
The deep elf knight points at you and mumbles some strange words.
The stone arrow hits you!
You die...

##### #...# #...# #..(#
#..@# #.. ##..(###e.
##op #...pe≈≈y≈≈≈ ≈≈≈≈
##.#.po≈≈≈≈≈≈ ≈≈≈≈
♣..≈♣...≈≈≈≈≈ ≈≈≈≈
###########♣♣≈P♣♣..p≈≈≈≈
≈≈≈≈ ...........♣♣≈♣♣
....p.p ....
###......♣♣♣≈.♣♣ ###....
.... ###....♣♣♣♣♣♣..♣
.... ###


You could see 4 vault guards, a deep elf knight and an orc sorcerer.

Vanquished Creatures
  A rakshasa (D:13)
  A wizard (D:12)
  2 hill giants (D:13)
  A deep elf mage (D:13)
  A cyclops (D:13)
  The ghost of Monsterracer the Cleaver, a novice HOMo (D:5)
  A yaktaur (D:13)
  A komodo dragon (D:8)
  A merfolk (D:11)
  A troll (D:12)
  2 hippogriffs (D:13)
  A vampire (D:13)
  12 yaks
  Menkaure (D:5)
  A hungry ghost (D:13)
  2 mottled dragons
  A water moccasin (D:10)
  4 ice beasts
  5 orc warriors
  A black bear (D:9)
  3 phantoms
  3 sky beasts
  4 ogres
  3 centaurs
  2 crocodiles
  4 bullfrogs
  A wyvern skeleton (D:11)
  4 scorpions
  12 killer bees
  11 wights
  4 howler monkeys
  4 crimson imps
  2 quasits
  A bullfrog zombie (D:6)
  A centaur zombie (D:5)
  4 jellies
  A gnoll shaman (D:7)
  4 orc priests
  3 centaur skeletons
  5 hounds
  6 orc wizards
  A bullfrog skeleton (D:9)
  6 iguanas
  9 worker ants
  A hound skeleton (D:9)
  A worker ant zombie (D:10)
  16 adders
  10 gnolls
  3 shadow imps
  An ooze (D:3)
  3 adder zombies
  2 adder skeletons
  A worm (D:5)
  4 dart slugs
  7 leopard geckos
  50 orcs
  3 giant cockroaches
  7 goblins
  5 hobgoblins
  6 jackals
  5 quokkas
  3 ball pythons
  3 bats
  2 frilled lizards
  5 kobolds
  2 leopard gecko skeletons
  A leopard gecko zombie (D:8)
  A quokka skeleton (D:6)
  2 quokka zombies
  6 rats
  2 plants (D:13)
291 creatures vanquished.

Vanquished Creatures (collateral kills)
  The ghost of lorenzova the Unseen, a journeyman SpMo of Gozag (D:12)
1 creature vanquished.

Vanquished Creatures (others)
  6 plants (D:8)
6 creatures vanquished.

Grand Total: 298 creatures vanquished

Notes
Turn   | Place    | Note
-------+----------+-------------------------------------------
     0 | D:1      | dobroeutro the Minotaur Berserker began the quest for the Orb.
     0 | D:1      | Reached XP level 1. HP: 19/19 MP: 0/0
    73 | D:1      | Reached skill level 4 in Axes
   176 | D:1      | Reached XP level 2. HP: 24/26 MP: 1/1
   603 | D:2      | Reached skill level 5 in Axes
   603 | D:2      | Reached XP level 3. HP: 31/31 MP: 2/2
   633 | D:2      | Reached ** piety under Trog
   829 | D:2      | Found a basalt altar of Yredelemnul.
   851 | D:2      | Reached XP level 4. HP: 39/39 MP: 3/3
  1032 | D:2      | Reached skill level 6 in Axes
  1424 | D:3      | Reached XP level 5. HP: 38/45 MP: 4/4
  1449 | D:3      | Reached skill level 7 in Axes
  1670 | D:3      | Found a glowing golden altar of the Shining One.
  1787 | D:3      | Found a sparkling altar of Nemelex Xobeh.
  1986 | D:4      | Reached *** piety under Trog
  1988 | D:4      | Reached skill level 8 in Axes
  1992 | D:4      | Reached XP level 6. HP: 12/51 MP: 5/5
  2125 | D:4      | Found Ceryih's Assorted Antiques.
  2483 | D:5      | Entered Level 5 of the Dungeon
  2528 | D:5      | Reached skill level 9 in Axes
  2654 | D:5      | Noticed Menkaure
  2666 | D:5      | Killed Menkaure
  2666 | D:5      | Reached skill level 10 in Axes
  2666 | D:5      | Reached XP level 7. HP: 57/57 MP: 6/6
  2757 | D:5      | Noticed Monsterracer's ghost (novice HOMo)
  2771 | D:5      | Killed Monsterracer's ghost
  2771 | D:5      | Reached **** piety under Trog
  2771 | D:5      | Reached skill level 11 in Axes
  2808 | D:5      | Found a radiant altar of Vehumet.
  2859 | D:5      | Reached XP level 8. HP: 64/64 MP: 7/7
  3032 | D:5      | Found a burning altar of Makhleb.
  3114 | D:6      | Reached skill level 12 in Axes
  3230 | D:6      | Found a glowing silver altar of Zin.
  3366 | D:6      | Found a staircase to the Ecumenical Temple.
  3411 | D:6      | Found a shattered altar of Ashenzari.
  3503 | D:6      | Reached skill level 13 in Axes
  3981 | D:7      | Reached ***** piety under Trog
  3985 | D:7      | Reached XP level 9. HP: 70/70 MP: 8/8
  3995 | D:7      | Found Rotaw's General Store.
  4034 | D:7      | Gained mutation: You tend to lose your temper in combat. [mutagenic meat]
  4035 | D:7      | Lost mutation: You tend to lose your temper in combat. [mutagenic meat]
  4036 | D:7      | Gained mutation: You are clumsy. (Dex -2) [mutagenic meat]
  4037 | D:7      | Gained mutation: You are resistant to hostile enchantments. (MR+) [mutagenic meat]
  4038 | D:7      | Gained mutation: You have an increased reservoir of magic. (+10% MP) [mutagenic meat]
  4053 | D:7      | Found Yfooc's Armour Emporium.
  4065 | D:7      | Found Ivay's Book Emporium.
  4082 | D:7      | Found Raruhebb's Jewellery Shop.
  4131 | D:7      | Reached skill level 14 in Axes
  4325 | D:7      | Found Xeubudio's General Store.
  4808 | D:8      | Reached skill level 15 in Axes
  4960 | D:8      | Received a gift from Trog
  4980 | D:8      | Found a staircase to the Lair.
  4981 | D:8      | Noticed a komodo dragon
  5177 | D:8      | Found a stormy altar of Qazlal.
  5265 | D:8      | Killed a komodo dragon
  5401 | D:9      | Found an opulent altar of Gozag.
  5401 | D:9      | Found a shattered altar of Ashenzari.
  5413 | D:9      | Found a hide-covered altar of Uskayaw.
  5413 | D:9      | Found a hazy altar of Hepliaklqana.
  5457 | D:9      | Reached skill level 5 in Fighting
  5920 | D:9      | Reached XP level 10. HP: 81/81 MP: 10/10
  6166 | D:10     | Entered Level 10 of the Dungeon
  6217 | D:10     | Gained mutation: You expend magic power (3 MP) to strengthen your wands. [mutagenic meat]
  6481 | D:10     | Reached skill level 5 in Armour
  6971 | D:11     | Reached skill level 5 in Dodging
  7234 | D:11     | Found a staircase to the Orcish Mines.
  7305 | D:11     | Received a gift from Trog
  7313 | D:11     | Got a crystal executioner's axe {god gift}
  7314 | D:11     | Identified the +7 executioner's axe of Death's Door {flame, *Drain Str+3 SInv} (Trog gifted it to you on level 11 of the Dungeon)
  7697 | D:12     | Noticed lorenzova's ghost (journeyman SpMo)
  7726 | D:12     | HP: 3/86 [lorenzova's ghost (3)]
  8072 | D:12     | Killed lorenzova's ghost
  8098 | D:12     | Noticed a wizard
  8103 | D:12     | Killed a wizard
  8103 | D:12     | Reached skill level 16 in Axes
  8222 | D:12     | Reached XP level 11. HP: 88/92 MP: 11/11
  8469 | D:13     | Noticed a vault guard
  8560 | D:13     | Noticed a hill giant
  8565 | D:13     | Noticed a hill giant
  8571 | D:13     | Killed a hill giant
  8575 | D:13     | Killed a hill giant
  8747 | D:13     | Noticed a deep elf mage
  8769 | D:13     | HP: 2/95 [deep elf mage/bolt of magma (30)]
  8774 | D:13     | Killed a deep elf mage
  8774 | D:13     | Received a gift from Trog
  9016 | D:13     | Noticed a rakshasa
  9040 | D:13     | Killed a rakshasa
  9370 | D:13     | Noticed a deep elf knight
  9385 | D:13     | Noticed an ogre mage
  9385 | D:13     | Noticed a vault guard
  9386 | D:13     | Noticed an orc sorcerer
  9386 | D:13     | Noticed a vault guard
  9388 | D:13     | Noticed a vault guard
  9389 | D:13     | HP: 4/97 [ogre mage/crystal spear (65)]
  9392 | D:13     | Noticed a vault guard
  9392 | D:13     | Killed from afar by a deep elf knight

Skill      XL: |  1  2  3  4  5  6  7  8  9 10 11 |
---------------+----------------------------------+-----
Axes           | 4 5 6 8 10 11 13 15 16 | 16.7
Fighting       | 5 7 9 |  9.2
Armour         | 4 7 8 |  8.9
Dodging        | 3 6 8 |  8.1

Action                   |  1- 3 |  4- 6 |  7- 9 | 10-12 || total
-------------------------+-------+-------+-------+-------++-------
Melee: Hand axe          |    81 |   156 |   135 |       ||   372
       Headbutt          |     5 |    18 |    43 |    57 ||   123
       Battleaxe         |       |       |   102 |   112 ||   214
       Executioner's axe |       |       |       |   170 ||   170
Invok: Berserk           |     1 |     3 |     3 |     6 ||    13
       Burn Spellbooks   |       |       |     1 |     2 ||     3
       Brothers in Arms  |       |       |       |     1 ||     1
  Use: Scroll            |       |       |    21 |     7 ||    28
       Potion            |       |       |       |     5 ||     5
 Stab: Sleeping          |     1 |       |       |       ||     1
  Eat: Chunk             |     1 |     7 |    20 |    13 ||    41
       Bread ration      |       |       |       |     1 ||     1
       Royal jelly       |       |       |       |     1 ||     1
       Pizza             |       |       |       |     1 ||     1
       Beef jerky        |       |       |       |     1 ||     1
Armor: Animal skin       |    18 |     8 |       |       ||    26
       Ring mail         |       |    29 |    64 |       ||    93
       Scale mail        |       |       |    15 |    33 ||    48
       Mottled dragon sc |       |       |       |    82 ||    82
       Chain mail        |       |       |       |     8 ||     8
Dodge: Dodged            |    53 |    78 |    87 |   139 ||   357
Block: Other             |     3 |    28 |    41 |    51 ||   123
       Reflection        |       |     1 |     2 |     4 ||     7
